 Dungeon Crawl Stone Soup version 0.21-a0-329-g12f17e1 (webtiles) character file.

23842 zeke the Severer (level 12, -2/162 HPs)
             Began as a Minotaur Fighter on Sept 24, 2017.
             Was the Champion of Okawaru.
             Slain by a two-headed ogre
             ... wielding a +0 giant club
              (11 damage)
             ... on level 2 of the Orcish Mines on Oct 1, 2017.
             The game lasted 00:31:37 (8625 turns).

zeke the Severer (Minotaur Fighter)                 Turns: 8625, Time: 00:31:39

Health: -2/162     AC: 26    Str: 17      XL:     12   Next: 75%
Magic:  11/12      EV:  2    Int:  4 (5)  God:    Okawaru [******]
Gold:   1037       SH: 16    Dex: 23      Spells: 11/11 levels left

rFire    . . .     SeeInvis .   V - +3 broad axe (freeze)
rCold    + . .     Gourm    .   p - +3 shield
rNeg     + + +     Faith    .   (armour currently unavailable)
rPois    +         Spirit   .   (helmet currently unavailable)
rElec    .         Reflect  .   (cloak currently unavailable)
rCorr    .         Harm     .   (gloves currently unavailable)
MR       .....     Clarity  +   (boots currently unavailable) Stlth +++.......NoTele +
                                W - amulet "Coemur" {+Rage rN++ Str-5 Dex+6}
HPRegen  0.37/turn              S - ring of protection from cold
MPRegen  0.13/turn              (no ring)

@: agile, tree-form, very slightly contaminated, invisible
A: (retaliatory headbutt), blurry vision 1, clarity, deterioration 2, weak 1,
MP-powered wands
a: Heroism, Finesse, Renounce Religion, Evoke Berserk Rage


You were on level 2 of the Orcish Mines.
You worshipped Okawaru.
Okawaru was exalted by your worship.
You were hungry.
You were a tree.
You visited 3 branches of the dungeon, and saw 14 of its levels.

You collected 1224 gold pieces.
You spent 187 gold pieces at shops.

Inventory:

Hand Weapons
 D - a +3 war axe of venom
 V - a +3 broad axe of freezing (weapon)
Missiles
 h - a javelin (quivered)
Armour
 e - a +0 pair of gloves (melded)
 l - a +2 hat
 p - a +3 shield (worn)
 r - a +0 cloak (melded)
 B - a +4 chain mail of cold resistance (melded)
 Q - a +1 hat of see invisible (melded)
 T - a +1 pair of boots of stealth (melded)
Jewellery
 S - a ring of protection from cold (left branch)
 W - the amulet "Coemur" (around neck) {+Rage rN++ Str-5 Dex+6}
   (You found it on level 11 of the Dungeon)

   [amulet of rage]

   It affects your strength (-5).
   It affects your dexterity (+6).
   It greatly protects you from negative energy.
   It lets you go berserk.
Wands
 a - a wand of random effects (24/48)
 d - a wand of random effects (43/48)
 y - a wand of lightning (15/15)
 H - a wand of polymorph (15/24)
 I - a wand of paralysis (20/24)
 J - a wand of lightning (8/15)
 N - a wand of enslavement (20/24)
 P - a wand of iceblast (8/15)
Scrolls
 i - 4 scrolls of enchant armour
 k - 3 scrolls of teleportation
 n - 2 scrolls of fog
 q - 6 scrolls of identify
 w - 2 scrolls of fear
 C - a scroll of recharging
 G - 2 scrolls of blinking
Potions
 c - 3 potions of curing
 m - 3 potions of magic
 s - a potion of resistance {unknown}
 u - a potion of brilliance {unknown}
 x - 5 potions of flight
 z - a potion of lignification
 A - a potion of mutation {unknown}
 F - a potion of might
 M - a potion of agility
 O - a potion of degeneration {unknown}
 R - a potion of ambrosia {unknown}
Books
 o - a book of Changes

   Spells                             Type                      Level
   a - Beastly Appendage              Transmutation                1
   b - Sticks to Snakes               Transmutation                2
   c - Spider Form                    Transmutation/Poison         3
   d - Ice Form                       Ice/Transmutation            4
   e - Blade Hands                    Transmutation                5
 v - a book of Frost

   Spells                             Type                      Level
   a - Freeze                         Ice                          1
   b - Throw Frost                    Conjuration/Ice              2
   c - Ozocubu's Armour               Charms/Ice                   3
   d - Throw Icicle                   Conjuration/Ice              4
   e - Summon Ice Beast               Ice/Summoning                4
Comestibles
 f - 4 bread rations
 g - 7 royal jellies
 j - 8 meat rations
 t - 13 fruits


   Skills:
 + Level 10.6 Fighting
 + Level 16.9 Axes
 + Level 2.2 Throwing
 + Level 9.3 Armour
 + Level 3.9 Dodging
 + Level 0.5 Stealth
 + Level 12.3 Shields
 + Level 1.3 Invocations


You had 11 spell levels left.
You didn't know any spells.

Dungeon Overview and Level Annotations

Branches:
Dungeon (11/15)            Temple (1/1) D:7            Lair (0/6) D:8
    Orc (2/2) D:11
    Elf: Orc:2

Altars:
Ashenzari
Cheibriados
Gozag
Hepliaklqana
Kikubaaqudgha
Nemelex Xobeh
Okawaru
Qazlal
Ru
Uskayaw
Wu Jian
Xom
The Shining One

Shops:
D:5 *


Innate Abilities, Weirdness & Mutations

((You reflexively headbutt those who attack you in melee.))
((You have a pair of horns on your head.))
((You have sharp toenails.))
((You are partially covered in thin metallic scales. (AC +2)))
((You are partially covered in yellow scales. (AC +2)))
Scrolls take you a little longer to read.
You possess an exceptional clarity of mind.
Your body often deteriorates upon taking damage.
((Your system is resistant to poisons. (rPois)))
You are weak. (Str -2)
You expend magic power (3 MP) to strengthen your wands.


Message History

You furiously retaliate!
You headbutt the ogre mage, but do no damage.
You block the two-headed ogre's attack.
The two-headed ogre hits you with a giant club!
* * * LOW HITPOINT WARNING * * *
It was a potion of agility.
You feel agile all of a sudden. The ogre mage barely misses you.
You block the two-headed ogre's attack. x2
You block the ogre mage's attack.
It was a potion of lignification.
You turn into a tree.
Your +0 cloak melds into your body.
Your +1 hat of see invisible melds into your body.
Your +0 pair of gloves melds into your body.
Your +1 pair of boots of stealth melds into your body.
Your +4 chain mail of cold resistance melds into your body.
You feel less perceptive.
You feel less stealthy.
You feel less resistant to cold.
Your roots penetrate the ground.
You block the ogre mage's attack.
The two-headed ogre hits you with a giant club!
You die...

...........#.#..
.............#...
.................
.................
.................
................#...
......#O............
.......OO♣.........
.......OOOO......#
......)OO))......#
........)).......#
...........()....### ##
..........()(......#### #.
...........(........#.####
........................##
###..########..(.#......#.


You could see 4 two-headed ogres, 2 ogre magi and 3 ogres.

Vanquished Creatures
  Gastronok (D:9)
  Nessos (Orc:2)
  Harold (D:11)
  2 ogre magi
  8 two-headed ogres
  2 unseen horrors
  Pikel (D:6)
  2 ugly things (D:11)
  An elephant (shapeshifter) (D:11)
  A cyclops (D:11)
  Maurice (D:10)
  A gargoyle (D:11)
  A komodo dragon (D:11)
  An efreet (D:11)
  2 trolls
  A hornet (D:10)
  2 hippogriffs
  4 wyverns (D:10)
  A steam dragon (D:9)
  A hungry ghost (D:11)
  Eustachio (D:6)
  3 vampire mosquitoes (D:10)
  3 water moccasins
  A warg (Orc:1)
  A porcupine (D:8)
  Edmund (D:4)
  A black bear (D:8)
  9 orc warriors
  An eye of draining (D:11)
  5 ice beasts
  A hornet zombie (D:8)
  6 phantoms
  6 sky beasts
  2 centaurs
  15 ogres
  The ghost of deifeln the Firebug, an amateur DrFE (D:3)
  3 big kobolds
  4 bullfrogs
  A wyvern zombie (D:9)
  4 scorpions
  3 killer bees (D:10)
  21 wights
  A howler monkey (D:11)
  A crimson imp (D:10)
  7 hounds
  2 bullfrog zombies
  A quasit (D:8)
  2 centaur skeletons (D:9)
  2 jellies
  5 orc priests
  Terence (D:3)
  4 iguanas
  10 orc wizards
  5 worker ants
  A bullfrog simulacrum (D:11)
  A mummy (D:4)
  A hound skeleton (D:8)
  A hound zombie (D:11)
  2 worker ant zombies
  A howler monkey zombie (D:11)
  7 adders
  6 gnolls
  2 shadow imps
  2 adder zombies (D:7)
  2 adder skeletons
  2 worms
  5 dart slugs
  5 leopard geckos
  55 orcs
  3 ball pythons
  3 giant cockroaches
  12 goblins
  10 hobgoblins
  3 jackals (D:3)
  18 kobolds
  6 quokkas
  5 bats
  11 frilled lizards
  A jackal skeleton (D:4)
  5 rats
  2 fungi (D:8)
341 creatures vanquished.

Vanquished Creatures (others)
  A hound skeleton (D:11)
  8 fungi (D:8)
  2 plants (D:8)
11 creatures vanquished.

Grand Total: 352 creatures vanquished

Notes
Turn   | Place    | Note
-------+----------+-------------------------------------------
     0 | D:1      | zeke the Minotaur Fighter began the quest for the Orb.
     0 | D:1      | Reached XP level 1. HP: 19/19 MP: 0/0
   279 | D:1      | Reached XP level 2. HP: 27/27 MP: 1/1
   674 | D:1      | Found a glowing golden altar of the Shining One.
   832 | D:2      | Reached XP level 3. HP: 24/33 MP: 2/2
   984 | D:2      | Reached skill level 3 in Axes
  1111 | D:2      | Found a stormy altar of Qazlal.
  1242 | D:3      | Found a hazy altar of Hepliaklqana.
  1247 | D:3      | Reached XP level 4. HP: 40/40 MP: 3/3
  1286 | D:3      | Noticed Terence
  1305 | D:3      | Killed Terence
  1305 | D:3      | Reached skill level 1 in Dodging
  1419 | D:3      | Found an ancient bone altar of Kikubaaqudgha.
  1518 | D:3      | Reached skill level 4 in Axes
  1522 | D:3      | Reached XP level 5. HP: 24/46 MP: 4/4
  1533 | D:3      | Noticed deifeln's ghost (amateur DrFE)
  1545 | D:3      | Killed deifeln's ghost
  2157 | D:4      | Noticed Edmund
  2169 | D:4      | Killed Edmund
  2169 | D:4      | Reached skill level 5 in Axes
  2169 | D:4      | Reached skill level 5 in Armour
  2169 | D:4      | Reached skill level 5 in Shields
  2169 | D:4      | Reached XP level 6. HP: 46/53 MP: 5/5
  2214 | D:4      | Found a snail-covered altar of Cheibriados.
  2321 | D:4      | Found a shimmering altar of Xom.
  2470 | D:4      | Reached skill level 6 in Axes
  2635 | D:5      | Entered Level 5 of the Dungeon
  2747 | D:5      | Found Bucweaw's Assorted Antiques.
  2753 | D:5      | Bought a scroll of enchant armour for 187 gold pieces
  2790 | D:5      | Found an iron altar of Okawaru.
  2802 | D:5      | Reached XP level 7. HP: 45/60 MP: 6/6
  2810 | D:5      | Became a worshipper of Warmaster Okawaru
  2834 | D:5      | Reached skill level 5 in Fighting
  3136 | D:5      | Reached skill level 7 in Axes
  3364 | D:6      | Upgraded the game from 0.21-a0-283-g622b906 to 0.21-a0-329-g12f17e1
  3380 | D:6      | Reached * piety under Okawaru
  3442 | D:6      | Found an opulent altar of Gozag.
  3452 | D:6      | Reached XP level 8. HP: 22/69 MP: 7/7
  3457 | D:6      | Reached skill level 8 in Axes
  3753 | D:6      | Noticed Eustachio
  3767 | D:6      | Killed Eustachio
  3817 | D:6      | Found a sparkling altar of Nemelex Xobeh.
  3848 | D:6      | Noticed Pikel
  3860 | D:6      | Reached ** piety under Okawaru
  3860 | D:6      | Reached skill level 9 in Axes
  3866 | D:6      | Killed Pikel
  3866 | D:6      | Reached XP level 9. HP: 41/78 MP: 6/8
  3908 | D:6      | Reached skill level 10 in Axes
  4005 | D:7      | Found a staircase to the Ecumenical Temple.
  4082 | Temple   | Entered the Ecumenical Temple
  4147 | D:7      | Gained mutation: Your magical capacity is low. (-10% MP) [mutagenic meat]
  4148 | D:7      | Gained mutation: Your system is resistant to poisons. (rPois) [mutagenic meat]
  4149 | D:7      | Gained mutation: Your spells are a little easier to cast, but a little less powerful. [mutagenic meat]
  4150 | D:7      | Gained mutation: You have sharp toenails. [mutagenic meat]
  4151 | D:7      | Gained mutation: Scrolls take you a little longer to read. [mutagenic meat]
  4152 | D:7      | Gained mutation: You expend magic power (3 MP) to strengthen your wands. [mutagenic meat]
  4441 | D:7      | Found a snail-covered altar of Cheibriados.
  4730 | D:8      | Reached skill level 11 in Axes
  4775 | D:8      | Found a hide-covered altar of Uskayaw.
  4782 | D:8      | Reached *** piety under Okawaru
  4784 | D:8      | Found a shattered altar of Ashenzari.
  4787 | D:8      | Found a sacrificial altar of Ru.
  4790 | D:8      | Found an ornate altar of the Wu Jian Council.
  5017 | D:8      | Reached skill level 12 in Axes
  5040 | D:8      | Reached **** piety under Okawaru
  5046 | D:8      | Gained mutation: You are robust. (+10% HP) [mutagenic meat]
  5047 | D:8      | Lost mutation: Your magical capacity is low. (-10% MP) [mutagenic meat]
  5048 | D:8      | Gained mutation: You possess an exceptional clarity of mind. [mutagenic meat]
  5049 | D:8      | Gained mutation: You are weak. (Str -2) [mutagenic meat]
  5050 | D:8      | Gained mutation: You are clumsy. (Dex -2) [mutagenic meat]
  5062 | D:8      | Reached XP level 10. HP: 78/94 MP: 9/9
  5223 | D:8      | Found a staircase to the Lair.
  5753 | D:9      | Noticed a two-headed ogre
  5760 | D:9      | Killed a two-headed ogre
  5866 | D:9      | Noticed a two-headed ogre
  5878 | D:9      | Killed a two-headed ogre
  5878 | D:9      | Reached skill level 1 in Throwing
  5974 | D:9      | Reached skill level 13 in Axes
  5974 | D:9      | Reached skill level 10 in Shields
  5995 | D:9      | Noticed Gastronok
  6012 | D:9      | Killed Gastronok
  6012 | D:9      | Reached ***** piety under Okawaru
  6081 | D:9      | Reached XP level 11. HP: 28/103 MP: 7/10
  6473 | D:9      | Found a glowing golden altar of the Shining One.
  6640 | D:10     | Entered Level 10 of the Dungeon
  6659 | D:10     | Noticed a two-headed ogre
  6663 | D:10     | Killed a two-headed ogre
  6663 | D:10     | Received a gift from Okawaru
  6663 | D:10     | Reached skill level 1 in Invocations
  6770 | D:10     | Reached skill level 14 in Axes
  7068 | D:10     | Noticed a two-headed ogre
  7079 | D:10     | Killed a two-headed ogre
  7092 | D:10     | Noticed Maurice
  7097 | D:10     | Noticed an unseen horror
  7106 | D:10     | Killed Maurice
  7106 | D:10     | Killed an unseen horror
  7106 | D:10     | Received a gift from Okawaru
  7106 | D:10     | Reached skill level 15 in Axes
  7235 | D:11     | Noticed a two-headed ogre
  7244 | D:11     | Killed a two-headed ogre
  7263 | D:11     | Lost mutation: You are clumsy. (Dex -2) [mutagenic meat]
  7264 | D:11     | Gained mutation: You are partially covered in thin metallic scales. (AC +2) [mutagenic meat]
  7276 | D:11     | Got a translucent chain mail
  7287 | D:11     | Identified the cursed +0 chain mail "Pivaosche" {rElec rF- Stlth+} (You found it on level 11 of the Dungeon)
  7334 | D:11     | Noticed a cyan ugly thing
  7343 | D:11     | Killed a cyan ugly thing
  7347 | D:11     | Gained mutation: Your body sometimes deteriorates upon taking damage. [mutagenic meat]
  7356 | D:11     | Noticed Harold
  7363 | D:11     | Reached XP level 12. HP: 92/115 MP: 11/11
  7369 | D:11     | Killed Harold
  7369 | D:11     | Received a gift from Okawaru
  7658 | D:11     | Found a transporter.
  7738 | D:11     | Found a staircase to the Orcish Mines.
  8239 | D:11     | Noticed an ogre mage
  8246 | D:11     | Killed an ogre mage
  8246 | D:11     | Reached skill level 16 in Axes
  8247 | D:11     | Reached ****** piety under Okawaru
  8251 | D:11     | Reached skill level 10 in Fighting
  8261 | D:11     | Received a gift from Okawaru
  8271 | D:11     | Gained mutation: Your body often deteriorates upon taking damage. [mutagenic meat]
  8272 | D:11     | Lost mutation: Your spells are a little easier to cast, but a little less powerful. [mutagenic meat]
  8273 | D:11     | Lost mutation: You are robust. (+10% HP) [mutagenic meat]
  8275 | D:11     | Gained mutation: You are partially covered in yellow scales. (AC +2) [mutagenic meat]
  8286 | D:11     | Found a transporter.
  8307 | D:11     | Got an ancient jade amulet
  8313 | D:11     | Identified the amulet "Coemur" {+Rage rN++ Str-5 Dex+6} (You found it on level 11 of the Dungeon)
  8454 | Orc:1    | Entered Level 1 of the Orcish Mines
  8521 | Orc:2    | Entered Level 2 of the Orcish Mines
  8577 | Orc:2    | Noticed Nessos
  8589 | Orc:2    | Noticed a two-headed ogre
  8594 | Orc:2    | Noticed a two-headed ogre
  8595 | Orc:2    | Noticed an ogre mage
  8597 | Orc:2    | Noticed an ogre mage
  8597 | Orc:2    | Noticed an ogre mage
  8599 | Orc:2    | Killed Nessos
  8599 | Orc:2    | Noticed a two-headed ogre
  8601 | Orc:2    | Noticed a two-headed ogre
  8607 | Orc:2    | Noticed a two-headed ogre
  8607 | Orc:2    | Killed an ogre mage
  8607 | Orc:2    | Killed a two-headed ogre
  8608 | Orc:2    | Noticed a two-headed ogre
  8609 | Orc:2    | Killed a two-headed ogre
  8614 | Orc:2    | Noticed a two-headed ogre
  8616 | Orc:2    | Killed a two-headed ogre
  8623 | Orc:2    | HP: 5/108 [two-headed ogre/giant club (9)]
  8625 | Orc:2    | Slain by a two-headed ogre

Vault maps used:
D:1:      eino_arrival_cavern_d, tso_altar
D:2:      lemuel_doored_altar
D:3:      nicolae_overflow_crystal_walls, nicolae_overflow_hidden_temple,
          uniq_terence
D:4:      overflow_temple_1_default, chei_slow_surprise, uniq_edmund
D:5:      okawaru_trees_2, first_bread, serial_shops, shop,
          lemuel_another_geyser
D:6:      grunt_gozag_statues, kennysheep_little_box, hangedman_decor_riveting,
          kennysheep_generic_room_10, uniq_eustachio, uniq_pikel
D:7:      cheibriados_altar_1, minmay_temple_entry_trees
D:8:      lemuel_ice_spiral_2, grunt_temple_overflow_cloverleaf,
          grunt_lair_entry_orc_guard_hut
D:9:      lemuel_coloured_pillars_altar, serial_corexii_hall,
          corexii_hall_statues_x, corexii_hall_statues_l,
          corexii_hall_statues_i, corexii_hall_statues_l, uniq_gastronok
D:10:     uniq_maurice
D:11:     gammafunk_the_bubble, hiddenorc1_lemuel, uniq_harold
Temple:   jpeg_temple_island
Orc:1:    nicolae_orc_accident_1, serial_shops, nicolae_shop_stone
Orc:2:    st_orc_ogre_mass, uniq_nessos, uniq_saint_roka

Skill      XL: |  1  2  3  4  5  6  7  8  9 10 11 12 |
---------------+-------------------------------------+-----
Armour         | 4 5 6 8 9 |  9.3
Shields        | 4 5 6 7 8 10 11 12 | 12.3
Axes           | 3 4 5 6 7 9 12 13 15 16 | 16.9
Fighting       | 4 5 6 7 8 9 10 | 10.6
Dodging        | 1 2 3 |  3.9
Throwing       | 1 2 |  2.2
Invocations    | 1 |  1.3
Stealth        | |  0.5

Action                   |  1- 3 |  4- 6 |  7- 9 | 10-12 || total
-------------------------+-------+-------+-------+-------++-------
Melee: War axe           |   115 |   124 |   236 |   148 ||   623
       Headbutt          |    13 |    24 |    46 |    78 ||   161
       Kick              |       |       |    34 |   110 ||   144
       Broad axe         |       |       |       |   288 ||   288
Throw: Javelin           |     1 |       |     1 |    18 ||    20
Invok: Heroism           |       |       |     1 |     9 ||    10
  Use: Scroll            |     1 |     4 |       |    12 ||    17
       Potion            |       |       |     5 |     4 ||     9
  Eat: Chunk             |     1 |     5 |    19 |    21 ||    46
Armor: Scale mail        |    73 |    29 |    36 |       ||   138
       Plate armour      |       |    27 |       |       ||    27
       Chain mail        |       |       |    61 |   130 ||   191
Dodge: Dodged            |    37 |    30 |    81 |    84 ||   232
Block: Shield            |    67 |    82 |   198 |   312 ||   659

Table legend:
 A = Spawn XP
 B = Non-spawn XP
 C = Spawn XP percentage of total XP
 D = Spawn monster count
 E = Non-spawn monster count
 F = Spawn count percentage of total count
 G = Total turns spent on level
                    A         B        C        D         E        F      G
               +---------+---------+-------+---------+---------+-------+---------
         Total |       0 |   34060 |   0.0 |       0 |     339 |   0.0 |  8625
               +---------+---------+-------+---------+---------+-------+---------
           D:1 |       0 |      33 |   0.0 |       0 |      20 |   0.0 |   793
           D:2 |       0 |      60 |   0.0 |       0 |      30 |   0.0 |   447
           D:3 |       0 |     231 |   0.0 |       0 |      19 |   0.0 |   735
           D:4 |       0 |     390 |   0.0 |       0 |      23 |   0.0 |   660
           D:5 |       0 |     435 |   0.0 |       0 |      12 |   0.0 |   722
           D:6 |       0 |    1952 |   0.0 |       0 |      26 |   0.0 |   643
           D:7 |       0 |     776 |   0.0 |       0 |      22 |   0.0 |   721
           D:8 |       0 |    2084 |   0.0 |       0 |      28 |   0.0 |   851
           D:9 |       0 |    5242 |   0.0 |       0 |      31 |   0.0 |  1066
          D:10 |       0 |    6940 |   0.0 |       0 |      40 |   0.0 |   562
          D:11 |       0 |    9490 |   0.0 |       0 |      71 |   0.0 |  1252
         Orc:1 |       0 |     155 |   0.0 |       0 |       1 |   0.0 |    67
         Orc:2 |       0 |    6272 |   0.0 |       0 |      16 |   0.0 |   104
               +---------+---------+-------+---------+---------+-------+---------
